 Dungeon Crawl Stone Soup version 0.29-a0-416-g83a48905f1 (webtiles) character file.

Game seed: 11747800821014292179

141422 dolemite99 the Grappler (level 16, -22/153 HPs)
             Began as a Troll Necromancer on May 17, 2022.
             Was a Priest of Fedhas.
             Killed from afar by Aizul (31 damage)
             ... with a bolt of poison
             ... on level 3 of the Snake Pit.
             The game lasted 00:54:04 (32648 turns).

dolemite99 the Grappler (Troll Necromancer)        Turns: 32648, Time: 00:54:05

Health: -22/153    AC: 30    Str: 22    XL:     16   Next: 78%
Magic:  16/24      EV: 15    Int: 11    God:    Fedhas [***...]
Gold:   1564       SH: 18    Dex: 16    Spells: 17/17 levels left

rFire   + . .      SeeInvis +     - Unarmed
rCold   + . .      Faith    .   h - +2 kite shield {AC+3}
rNeg    + . .      Spirit   .   L - +8 pearl dragon scales of the Trilobite {rF+ rN+ rCorr SInv}
rPois   .          Reflect  +   t - +0 hat of Restlessness {rElec Str+2 Slay+4}
rElec   +          Harm     .   r - +2 cloak
rCorr   +          Rampage  .   (gloves unavailable)
Will    +++..                   (boots unavailable)
Stlth   ..........              s - amulet of reflection
HPRegen 1.15/turn               c - +4 ring of evasion {=R}
MPRegen 0.19/turn               j - ring of Fuxuuwn {rC+ Will++}

@: lethally poisoned (-22 -> -62), marked, slowed, very slow
A: large, unfitting armour, claws 3, regeneration 1, shaggy fur 1, tough skin 1
a: Renounce Religion, Wall of Briars, Grow Ballistomycete


You were on level 3 of the Snake Pit.
You worshipped Fedhas.
Fedhas was most pleased with you.
You visited 5 branches of the dungeon, and saw 27 of its levels.

You collected 4356 gold pieces.
You spent 2792 gold pieces at shops.

Inventory:

Hand Weapons
 q - the +7 mace "Spider's Undoing" {vorpal, rC+ Str+3 Int+3}
   (You found it on level 2 of the Dungeon)

   It inflicts extra damage upon your enemies.
   Str:       It affects your strength (+3).
   Int:       It affects your intelligence (+3).
   rC:        It protects you from cold.
Missiles
 K - 5 throwing nets
 W - a large rock
 X - 2 javelins
Armour
 h - a +2 kite shield of protection (worn)
 r - a +2 cloak (worn)
 t - the +0 hat of Restlessness (worn) {rElec Str+2 Slay+4}
   (You acquired it on level 11 of the Dungeon)

   Str:       It affects your strength (+2).
   Slay:      It affects your accuracy & damage with ranged weapons and melee
   (+4).
   rElec:     It insulates you from electricity.
 L - the +8 pearl dragon scales of the Trilobite (worn) {rF+ rN+ rCorr SInv}
   (You acquired it on level 3 of the Dungeon)

   rF:        It protects you from fire.
   rN:        It protects you from negative energy.
   SInv:      It lets you see invisible.
   rCorr:     It protects you from acid and corrosion.
Jewellery
 c - a +4 ring of evasion (left claw) {=R}
 d - the ring "Luewevvuho" {rC+ EV+4}
   (You took it off an orc priest on level 9 of the Dungeon)

   [ring of evasion]

   EV:        It affects your evasion (+4).
   rC:        It protects you from cold.
 g - a +6 ring of intelligence
 j - the ring of Fuxuuwn (right claw) {rC+ Will++}
   (You bought it in a shop on level 13 of the Dungeon)

   [ring of protection from cold]

   rC:        It protects you from cold.
   Will:      It greatly increases your willpower.
 s - an amulet of reflection (around neck)
 v - a ring of protection from fire
 T - a ring of resist corrosion
 Z - a ring of positive energy
Wands
 k - a wand of acid (2) (quivered)
 A - a wand of flame (52)
 B - a wand of digging (5)
 J - a wand of mindburst (15)
 N - a wand of polymorph (5)
 P - a wand of charming (23)
 Y - a wand of paralysis (5)
Scrolls
 f - 3 scrolls of silence
 i - 2 scrolls of fear
 m - 10 scrolls of identify {@r1}
 p - 12 scrolls of teleportation
 y - 2 scrolls of poison
 C - 2 scrolls of amnesia
 D - 7 scrolls of magic mapping
 E - 2 scrolls of blinking
 F - 6 scrolls of vulnerability
 O - 3 scrolls of fog
Potions
 a - 2 potions of ambrosia
 b - 5 potions of magic
 e - 5 potions of haste
 l - 5 potions of cancellation
 n - 10 potions of curing
 x - 6 potions of attraction
 H - 2 potions of resistance
 M - 2 potions of brilliance
 R - 3 potions of flight
 S - 2 potions of berserk rage
 U - 6 potions of might
Miscellaneous
 G - a phantom mirror (inert)
 Q - a box of beasts (inert)
 V - a phial of floods


   Skills:
 + Level 8.5 Fighting
 + Level 10.9 Throwing
 + Level 8.5 Armour
 - Level 10.2 Dodging
 - Level 1.0 Stealth
 - Level 8.9 Shields
 + Level 12.8 Unarmed Combat
 - Level 1.2 Spellcasting
 - Level 3.2 Necromancy
 + Level 12.2 Invocations
 - Level 7.0 Evocations


You had 17 spell levels left.
You didn't know any spells.
Your spell library contained the following spells:

 Spells                   Type           Power      Damage    Failure   Level
 Animate Skeleton         Necr           14%        N/A       41%         1
 Pain                     Necr           28%        1d5       41%         1
 Corpse Rot               Necr/Air       8%         N/A       78%         2
 Vampiric Draining        Necr           7%         2d6       80%         3
 Apportation              Tloc           0%         N/A       86%         1
 Beastly Appendage        Tmut           0%         N/A       86%         1
 Foxfire                  Conj/Fire      0%         2x1d4     86%         1
 Magic Dart               Conj           0%         1d3       86%         1
 Summon Small Mammal      Summ           0%         N/A       86%         1
 Scorch                   Fire           0%         2d5       95%         2
 Searing Ray              Conj           0%         2d4       95%         2
 Wereblood                Tmut           0%         N/A       95%         2
 Call Canine Familiar     Summ           0%         N/A       99%         3
 Conjure Flame            Conj/Fire      0%         6-21      99%         3
 Gell's Gravitas          Tloc           0%         N/A       99%         3
 Inner Flame              Hex/Fire       0%         N/A       99%         3
 Ozocubu's Armour         Ice            0%         N/A       99%         3
 Spider Form              Tmut/Pois      0%         N/A       99%         3
 Summon Guardian Golem    Hex/Summ       0%         N/A       99%         3
 Teleport Other           Tloc           0%         N/A       99%         3
 Animate Dead             Necr           3%         N/A       99%         4
 Dispel Undead            Necr           7%         3d8       99%         4
 Flame Wave               Conj/Fire      0%         2d4       100%        4
 Fulminant Prism          Conj/Hex       0%         3d6       100%        4
 Agony                    Necr           7%         N/A       100%        5
 Summon Forest            Summ/Tloc      0%         N/A       100%        5
 Death Channel            Necr           3%         N/A       100%        6
 Dispersal                Tloc           0%         N/A       100%        6
 Eringya's Noxious Bog    Tmut/Pois      0%         N/A       100%        6
 Summon Cactus Giant      Summ           0%         N/A       100%        6
 Ozocubu's Refrigeration  Ice            0%         4d5       100%        7
 Summon Hydra             Summ           0%         N/A       100%        7


Dungeon Overview and Level Annotations

Branches:
Dungeon (15/15)            Temple (1/1) D:7            Lair (6/6) D:8
 Shoals (0/4) Lair:3        Snake (3/4) Lair:4        Slime (0/5) Lair:5
    Orc (2/2) D:11            Elf (0/3) Orc:2        Vaults (0/5) D:13
 Depths (0/4) D:15

Altars:
Ashenzari
Cheibriados
Dithmenos
Elyvilon
Fedhas
Gozag
Hepliaklqana
Kikubaaqudgha
Makhleb
Nemelex Xobeh
Okawaru
Qazlal
Ru
Sif Muna
Trog
Uskayaw
Vehumet
Wu Jian
Xom
Yredelemnul
Zin
The Shining One
Jiyva

Shops:
D:4 !   D:11 [   D:12 !   D:13 =   Orc:2 :?=   Snake:2 ?[[=

Portals:
Trove: D:13 (give 8 potions of haste)

Annotations:
Snake:2 3 runed translucent doors, Wirghost's ghost, adept DESu
Snake:3 Aizul


Innate Abilities, Weirdness & Mutations

You are too large for most types of armour.
You have claws for hands.
Your natural rate of healing is unusually fast.
You are covered in fur. (AC +1)
You have tough skin. (AC +1)


Message History

t - Shout!
Orders for allies: a - Attack new target. r - Retreat! s - Stop attacking. g - Guard the area. f - Follow me.
Anything else - Cancel.
Guard this area!
You feel very sick. Aizul casts a spell at you. The bolt of poison hits you!!
You are more poisoned.
The bolt of poison hits your briar patch! x2
The naga hits your juvenile stingshock beast from afar with a +0 halberd.
Your juvenile stingshock beast stings the naga but does no damage.
The naga spits poison at your juvenile stingshock beast.
The splash of poison hits your juvenile stingshock beast.
Aizul casts a spell at you. The poison arrow hits you!!
You are more poisoned.
* * * LOW HITPOINT WARNING * * *
A ballistomycete spore comes into view.
* * * LOW HITPOINT WARNING * * *
You feel extremely sick.
Your ballistomycete spore explodes!
Fedhas protects your plant from harm. x6
Your ballistomycete spore explodes!
Fedhas protects your plant from harm. x3
The naga appears confused.
The explosion of spores engulfs the naga!!
You kill the naga!
Fedhas appreciates your contribution to the ecosystem.
Aizul casts a spell at you. The poison arrow misses you.
The poison arrow hits your briar patch!
Your briar patch partially resists.
Your briar patch is poisoned.
Your briar patch is destroyed!
Your briar patch disappears in a puff of smoke!
Aizul coils herself and waves her upper body at you.
The bolt of poison hits you!!
You are more poisoned.
You die...
Fedhas appreciates your contribution to the ecosystem.

##########.............
.........##.............
........<.##........####.
...........##.......#####'
...........##.......##....
...........##.......##....
............S.......##....
...........##.......##....
.......P§@.##.......##....
.....).P.PH###########....
.......)*P)##########.....
....<.P..*.##.............
........*..##..........[..
...........##........#####
...>.......##........#####
...........##.............
...........##.............


You could see Aizul (ally target), a friendly juvenile stingshock beast
(summoned, wandering), 2 friendly ballistomycetes and 3 friendly ballistomycete
spores.

Vanquished Creatures
  Jorgrun (Snake:1)
  Frances (Snake:1)
  A dire elephant (D:15)
  Azrael (Snake:2)
  Josephine (D:13)
  10 hydras
  Erolcha (D:9)
  An ice dragon (Lair:6)
  4 boulder beetles
  A catoblepas (Lair:6)
  9 centaur warriors
  2 alligators (Lair:4)
  The ghost of iguanaiguana the Transmogrifier, a journeyman VSBr of Wu Jian (Lair:3)
  22 two-headed ogres
  5 ogre magi
  4 naga warriors
  3 anacondas
  Erica (D:8)
  2 death yaks (Lair:6)
  2 naga sharpshooters (Snake:3)
  4 shock serpents
  2 salamander mystics
  4 naga ritualists
  A wizard (D:10)
  An orc knight (D:15)
  A wolf spider (D:15)
  6 ugly things (D:14)
  11 mana vipers
  3 lindwurms (Lair:6)
  3 deep elf pyromancers
  An orc sorcerer (D:15)
  3 cyclopes
  6 manticores
  3 elephants
  5 salamanders
  The ghost of TorpidAnima the Shield-Bearer, a novice MiFi (D:9)
  22 black mambas
  10 naga magi
  Joseph (D:7)
  9 torpor snails
  2 guardian serpents
  A gargoyle (D:12)
  3 unseen horrors
  11 cane toads
  11 komodo dragons
  8 rime drakes
  A troll (D:11)
  Prince Ribbit (D:9)
  4 polar bears
  Grinder (D:4)
  7 hornets
  10 dream sheep
  20 blink frogs
  3 tyrant leeches (Lair:6)
  10 slime creatures (D:15)
  2 vampires
  3 wyverns
  4 shadows
  75 yaks
  6 wraiths
  4 basilisks
  6 fire elementals (Snake:2)
  11 vampire mosquitoes
  2 steam dragons
  Menkaure (D:5)
  22 nagas
  Edmund (D:4)
  A hell hound (Snake:2)
  16 water moccasins
  16 orc warriors
  2 sky beasts
  2 ice beasts (D:6)
  18 wolves
  19 ogres
  24 centaurs
  A phantom (D:5)
  2 kobold brigands
  9 necrophages
  2 gnoll sergeants
  A scorpion (D:5)
  9 bullfrogs
  8 howler monkeys
  4 hounds
  A jelly (D:6)
  16 orc priests
  2 gnoll shamans
  Crazy Yiuf (D:2)
  6 iguanas
  Ijyb (D:4)
  26 orc wizards
  16 gnolls
  4 adders
  2 white imps (D:5)
  An ufetubus (D:5)
  A worm (D:4)
  2 dart slugs
  59 orcs
  8 bats
  11 endoplasms
  3 giant cockroaches
  4 goblins
  5 hobgoblins
  6 jackals
  13 kobolds
  5 quokkas
  8 ball pythons
  3 frilled lizards
  9 rats
  A ballistomycete spore (Lair:6)
748 creatures vanquished.

Vanquished Creatures (collateral kills)
  Asterion (Snake:3)
  A hydra (Lair:4)
  An anaconda (Snake:3)
  A death yak (Lair:6)
  2 two-headed ogres
  2 shock serpents
  2 naga ritualists
  2 mana vipers (Snake:2)
  2 black mambas
  A komodo dragon (D:12)
  2 hornets (Lair:6)
  A dream sheep (Lair:6)
  3 yaks
  A basilisk (Lair:4)
  2 vampire mosquitoes (D:12)
  An acid dragon (D:12)
  An orc warrior (D:11)
  5 ogres (Orc:2)
  A gnoll shaman (D:10)
  2 orc priests
  5 orcs
  85 ballistomycete spores
124 creatures vanquished.

Vanquished Creatures (others)
  A lindwurm (Lair:6)
  An ogre (Orc:2)
  8 ballistomycete spores
  28 fungi
  54 plants
92 creatures vanquished.

Grand Total: 964 creatures vanquished

Notes
Turn   | Place    | Note
-------+----------+-------------------------------------------
     0 | D:1      | dolemite99 the Troll Necromancer began the quest for the
                  | Orb.
     0 | D:1      | Reached XP level 1. HP: 16/16 MP: 1/1
   148 | D:1      | Reached skill level 1 in Unarmed Combat
   230 | D:1      | Reached XP level 2. HP: 23/24 MP: 0/2
  1355 | D:2      | Reached XP level 3. HP: 31/31 MP: 3/3
  1736 | D:2      | Identified the +7 mace "Spider's Undoing" {vorpal, rC+
                  | Str+3 Int+3}
  1742 | D:2      | Found a runed translucent door.
  1743 | D:2      | Noticed Crazy Yiuf
  1749 | D:2      | Killed Crazy Yiuf
  1750 | D:2      | Reached skill level 1 in Throwing
  2020 | D:2      | Reached XP level 4. HP: 39/39 MP: 4/4
  2227 | D:3      | Identified a scroll of acquirement
  2227 | D:3      | Acquired the +8 pearl dragon scales of the Trilobite {rF+
                  | rN+ rCorr SInv}
  2687 | D:3      | Found a large runed translucent door.
  2687 | D:3      | Found a large runed translucent door.
  2865 | D:3      | Noticed a necrophage
  2874 | D:3      | Killed a necrophage
  2875 | D:3      | Reached XP level 5. HP: 45/45 MP: 5/5
  3195 | D:3      | Identified the +1 robe of Evolution {rElec Will++ Str+4
                  | Int-5}
  3243 | D:3      | Found a shimmering blue altar of Sif Muna.
  3252 | D:3      | Found an ancient bone altar of Kikubaaqudgha.
  3319 | D:4      | Noticed Grinder
  3353 | D:4      | Killed Grinder
  3354 | D:4      | Reached XP level 6. HP: 47/53 MP: 6/6
  3493 | D:4      | Found Utasikhli's Distillery.
  3502 | D:4      | Bought a potion of curing for 30 gold pieces
  3502 | D:4      | Bought a potion of curing for 30 gold pieces
  3502 | D:4      | Bought 2 potions of curing for 60 gold pieces
  3623 | D:4      | Reached skill level 5 in Unarmed Combat
  3975 | D:4      | Reached XP level 7. HP: 35/59 MP: 7/7
  4287 | D:4      | Noticed Edmund
  4294 | D:4      | Killed Edmund
  4795 | D:4      | Noticed Ijyb
  4809 | D:4      | Killed Ijyb
  4899 | D:5      | Entered Level 5 of the Dungeon
  4995 | D:5      | Reached skill level 5 in Throwing
  5255 | D:5      | Reached XP level 8. HP: 67/67 MP: 8/8
  5596 | D:5      | Noticed Menkaure
  5605 | D:5      | Killed Menkaure
  5936 | D:6      | Found a shadowy altar of Dithmenos.
  6782 | D:7      | Reached XP level 9. HP: 66/74 MP: 9/9
  6880 | D:7      | Noticed Joseph
  6902 | D:7      | Killed Joseph
  7068 | D:7      | Found a staircase to the Ecumenical Temple.
  7091 | Temple   | Entered the Ecumenical Temple
  7216 | Temple   | Became a worshipper of Fedhas Madash
  7264 | D:7      | Found a stormy altar of Qazlal.
  7523 | D:7      | Reached skill level 10 in Unarmed Combat
  7846 | D:8      | Identified the +5 hunting sling of the Mouth {speed, rF-
                  | rC++ Str+7}
  7972 | D:8      | Found an ornate altar of the Wu Jian Council.
  7977 | D:8      | Identified the +1 cloak "Istogun" {*Corrode rPois Int+8}
  8005 | D:8      | Noticed Erica
  8020 | D:8      | Killed Erica
  8035 | D:8      | Reached * piety under Fedhas
  8052 | D:8      | Reached XP level 10. HP: 80/81 MP: 10/10
  8585 | D:8      | Found a staircase to the Lair.
  8606 | D:8      | Reached skill level 1 in Fighting
  8606 | D:8      | Reached skill level 1 in Armour
  8685 | D:9      | Noticed a two-headed ogre
  8709 | D:9      | Killed a two-headed ogre
  8762 | D:9      | Found a radiant altar of Vehumet.
  8816 | D:9      | Noticed Erolcha
  8828 | D:9      | Killed Erolcha
  8858 | D:9      | Found a sacrificial altar of Ru.
  8888 | D:9      | Found a large runed translucent door.
  8896 | D:9      | Found a large runed translucent door.
  8917 | D:9      | Noticed a two-headed ogre
  8923 | D:9      | Paralysed by a hornet for 1 turns
  8938 | D:9      | Reached ** piety under Fedhas
  8952 | D:9      | Killed a two-headed ogre
  8964 | D:9      | Reached skill level 5 in Fighting
  8964 | D:9      | Reached skill level 5 in Armour
  8983 | D:9      | Reached XP level 11. HP: 42/104 MP: 11/11
  9415 | D:9      | Noticed TorpidAnima's ghost (novice MiFi)
  9432 | D:9      | Noticed Prince Ribbit
  9444 | D:9      | Killed Prince Ribbit
  9454 | D:9      | Identified the ring "Luewevvuho" {rC+ EV+4}
  9613 | D:9      | Found a bloodstained altar of Trog.
  9619 | D:9      | Found a shimmering altar of Xom.
  9622 | D:9      | Found a glowing silver altar of Zin.
  9827 | D:9      | Found a hide-covered altar of Uskayaw.
  9940 | Lair:1   | Entered Level 1 of the Lair of Beasts
 10232 | Lair:1   | Noticed a four-headed hydra
 10250 | Lair:1   | Killed a four-headed hydra
 10406 | Lair:1   | Reached skill level 5 in Dodging
 10481 | Lair:1   | Reached *** piety under Fedhas
 10974 | Lair:1   | Reached XP level 12. HP: 114/114 MP: 12/12
 11615 | Lair:2   | Reached **** piety under Fedhas
 11761 | Lair:2   | Noticed a six-headed hydra
 12094 | Lair:2   | Killed a 12-headed hydra
 13021 | Lair:3   | Reached skill level 10 in Dodging
 13180 | Lair:3   | Found a runed translucent gate.
 13180 | Lair:3   | Found a runed translucent gate.
 13180 | Lair:3   | Found a runed translucent gate.
 13180 | Lair:3   | Noticed iguanaiguana's ghost (journeyman VSBr)
 13333 | Lair:3   | Reached skill level 1 in Invocations
 13485 | Lair:3   | Found a staircase to the Shoals.
 13652 | Lair:3   | Noticed a boulder beetle
 13700 | Lair:3   | Killed a boulder beetle
 13945 | Lair:3   | Identified the +8 mace of the Conjuring Gods {speed, rPois
                  | Dex+2 Stlth+}
 14040 | Lair:3   | Found the dreamshard necklace {*Dream Drain}
 14230 | Lair:4   | Reached ***** piety under Fedhas
 14283 | Lair:4   | Found a staircase to the Snake Pit.
 14355 | Lair:4   | Reached skill level 5 in Invocations
 14735 | Lair:4   | Noticed an alligator
 14746 | Lair:4   | Killed an alligator
 14747 | Lair:4   | Reached XP level 13. HP: 120/120 MP: 16/16
 16383 | Lair:5   | Found a viscous altar of Jiyva.
 16387 | Lair:5   | Found a staircase to the Slime Pits.
 16791 | Lair:5   | Found a blossoming altar of Fedhas.
 16981 | Lair:6   | Entered Level 6 of the Lair of Beasts
 17200 | Lair:6   | Reached skill level 10 in Invocations
 17394 | Lair:6   | Found a runed translucent door.
 18030 | Lair:6   | Reached XP level 14. HP: 129/130 MP: 18/21
 19381 | D:10     | Entered Level 10 of the Dungeon
 19566 | D:10     | Found a hazy altar of Hepliaklqana.
 19698 | D:10     | Reached skill level 1 in Evocations
 19948 | D:10     | Reached skill level 1 in Shields
 20522 | D:11     | Acquired the +0 hat of Restlessness {rElec Str+2 Slay+4}
 20539 | D:11     | Acquired 290 gold pieces
 20547 | D:11     | Acquired 706 gold pieces
 21147 | D:11     | Found a staircase to the Orcish Mines.
 21280 | D:11     | Found Plog's Antique Armour Emporium.
 21619 | Orc:1    | Entered Level 1 of the Orcish Mines
 21862 | Orc:2    | Entered Level 2 of the Orcish Mines
 22141 | Orc:2    | Found a staircase to the Elven Halls.
 22281 | Orc:2    | Reached skill level 5 in Shields
 22286 | Orc:2    | Paralysed by an ogre mage for 5 turns
 22452 | Orc:2    | Reached XP level 15. HP: 120/140 MP: 20/23
 22533 | Orc:2    | Found Juaz's Distillery.
 22533 | Orc:2    | Found Ogguisuw's Magic Scroll Emporium.
 22534 | Orc:2    | Found Pikudori's Jewellery Emporium.
 22534 | Orc:2    | Found Suceri's Book Boutique.
 23411 | Orc:2    | Bought 3 scrolls of teleportation for 126 gold pieces
 23411 | Orc:2    | Bought a scroll of blinking for 105 gold pieces
 23411 | Orc:2    | Bought a scroll of teleportation for 42 gold pieces
 23412 | Orc:2    | Bought a potion of heal wounds for 60 gold pieces
 23412 | Orc:2    | Bought a potion of magic for 96 gold pieces
 23412 | Orc:2    | Bought a potion of might for 48 gold pieces
 23412 | Orc:2    | Bought a potion of might for 48 gold pieces
 23412 | Orc:2    | Bought a potion of might for 48 gold pieces
 23412 | Orc:2    | Bought a potion of flight for 36 gold pieces
 23683 | D:4      | Bought 2 potions of haste for 200 gold pieces
 23879 | D:11     | Bought an embroidered scarf for 288 gold pieces
 23893 | D:10     | Found an opulent altar of Gozag.
 24276 | D:12     | Found Caclergh's Distillery.
 24283 | D:12     | Bought 2 potions of heal wounds for 160 gold pieces
 24283 | D:12     | Bought a potion of might for 64 gold pieces
 24283 | D:12     | Bought a potion of might for 64 gold pieces
 24283 | D:12     | Bought a potion of curing for 48 gold pieces
 24283 | D:12     | Bought a potion of berserk rage for 80 gold pieces
 24283 | D:12     | Bought a potion of magic for 128 gold pieces
 24283 | D:12     | Bought a potion of cancellation for 128 gold pieces
 24386 | D:12     | Identified the +1 pair of boots of the Dolphin {rElec rPois
                  | rC+ Slay+5}
 25133 | D:13     | Noticed Josephine
 25147 | D:13     | Killed Josephine
 25211 | D:13     | Found a portal to a secret trove of treasure.
 25339 | D:13     | Found a gate to the Vaults.
 25387 | D:13     | Found Otaesil's Jewellery Shoppe.
 25396 | D:13     | Bought the ring of Fuxuuwn {rC+ Will++} for 525 gold pieces
 26165 | D:14     | Reached skill level 10 in Throwing
 26420 | D:14     | Found a glowing silver altar of Zin.
 26631 | D:15     | Entered Level 15 of the Dungeon
 26750 | D:15     | Found a bloodstained altar of Trog.
 27290 | D:15     | Found a staircase to the Depths.
 27424 | D:15     | Found a shimmering blue altar of Sif Muna.
 28029 | Snake:1  | Entered Level 1 of the Snake Pit
 28172 | D:9      | Killed TorpidAnima's ghost
 28322 | Lair:3   | Killed iguanaiguana's ghost
 28503 | Snake:1  | Noticed Frances
 28528 | Snake:1  | Killed Frances
 28529 | Snake:1  | Reached XP level 16. HP: 121/152 MP: 9/24
 28704 | Snake:1  | Noticed Jorgrun
 28723 | Snake:1  | Killed Jorgrun
 29251 | Snake:1  | Acquired 545 gold pieces
 29581 | Snake:1  | Reached skill level 5 in Evocations
 30416 | Snake:2  | Found a runed translucent gate.
 30416 | Snake:2  | Found a runed translucent gate.
 30416 | Snake:2  | Found a runed translucent gate.
 30462 | Snake:2  | Noticed Wirghost's ghost (adept DESu)
 30599 | Snake:2  | Found Yrucoj's Jewellery Shop.
 30599 | Snake:2  | Found Neimnoju's Magic Scroll Boutique.
 30600 | Snake:2  | Found Guahit's Antique Armour Boutique.
 30602 | Snake:2  | Found Viqotsat's Antique Armour Shop.
 30691 | Snake:2  | Bought a scroll of teleportation for 51 gold pieces
 30691 | Snake:2  | Bought a scroll of teleportation for 51 gold pieces
 30691 | Snake:2  | Bought a scroll of magic mapping for 59 gold pieces
 30694 | Snake:2  | Bought a shiny kite shield for 217 gold pieces
 30789 | Snake:2  | Noticed Azrael
 30806 | Snake:2  | Killed Azrael
 31882 | Snake:3  | Noticed Asterion
 31891 | Snake:3  | Killed Asterion
 32646 | Snake:3  | Noticed Aizul
 32648 | Snake:3  | Killed from afar by Aizul

Illustrated notes

Levels and vault maps discovered:
D:1:      roderic_dead_forest, layout_basic, serial_park_tiny_2
D:2:      layout_loops_corners, uniq_crazy_yiuf_cottage
D:3:      layout_loops_cross, jmf_multi_god_temple2
D:4:      layout_cave_pods, serial_shops, shop, uniq_edmund, uniq_ijyb,
          uniq_grinder
D:5:      layout_gridville, uniq_menkaure
D:6:      wander_river, layout_cave_pods, lemuel_doored_altar
D:7:      layout_loops_ring, nicolae_qazlal_general_emergency,
          minmay_temple_entry_enclosed_plants, st_stairs_7, uniq_joseph
D:8:      layout_basic, mainiacjoe_overflow_boulevard, david_lair_shrubbed,
          serial_curves, eino_curves_02, eino_curves_04, item_on_display_b,
          uniq_erica
D:9:      layout_rooms, general_overflow_altar, grunt_temple_overflow_open,
          lemuel_tele_altar, kennysheep_mini_moat, ebering_ghost_disaster_area,
          hangedman_corner_corridor, uniq_prince_ribbit1, uniq_erolcha
D:10:     layout_loops_ring, nicolae_overflow_hidden_temple, minmay_bent
D:11:     nicolae_cairo_tiling_large, layout_gridville, david_orc_4,
          serial_shops, nicolae_shop_overgrown_old_shop
D:12:     layout_roguey, serial_shops, nicolae_shop_trees, grunt_ministairs_12
D:13:     layout_stronghold, david_vaults_2, enter_trove_2, serial_shops,
          shop_fountains, uniq_josephine
D:14:     layout_long_grid, zin_scriptorium
D:15:     hangedman_depths_entry_try_elsewhere_first, layout_basic, bloody_trog,
          nicolae_sif_muna_little_library
Temple:   nicolae_temple_figure_zero
Lair:1:   layout_regular_city, grunt_megastairs_2
Lair:2:   layout_small_grid, beast_lair_carwin_8
Lair:3:   layout_loops_ring, shoals_dummy_entry, gammafunk_ghost_split,
          roderic_carrion_pond
Lair:4:   nzn_winding_woodlands_stair_cross [nzn_winding_woodlands_5x15_zeroes,
          nzn_winding_woodlands_center_lodge, nzn_winding_woodlands_5x15_parted,
          nzn_winding_woodlands_5x5_perimeter,
          nzn_winding_woodlands_5x5_default, nzn_winding_woodlands_5x15_cabin,
          nzn_winding_woodlands_center_garden,
          nzn_winding_woodlands_5x15_jagged], layout_long_grid,
          minmay_snake_entry_guardpost_small
Lair:5:   layout_loops_ring, slime_altar_1, tgw_fedhas
Lair:6:   wormcave, layout_regular_city, hangedman_lair_in_review
Snake:1:  layout_honeycomb, uniq_frances, uniq_jorgrun
Snake:2:  layout_layer_cave, gammafunk_ghost_necromancy, minmay_shoptagon,
          uniq_azrael
Snake:3:  cheibrodos_snake_ritualist_ritual, layout_grid_maze, uniq_aizul,
          uniq_asterion
Orc:1:    layout_caves, ebering_ghost_xom, hangedman_minor_magic
Orc:2:    st_orc_ogre_mass, layout_caves, minmay_orc_keep

Skill      XL: |  1  2  3  4  5  6  7  8  9 10 11 12 13 14 15 16 |
---------------+-------------------------------------------------+-----
Unarmed Combat | 1 2 3 4 5 6 8 11 12 | 12.8
Throwing       | 1 2 3 4 5 7 10 | 10.9
Fighting       | 5 6 7 8 |  8.5
Armour         | 5 6 7 8 |  8.5
Dodging        | 7 10 | 10.2
Invocations    | 6 11 12 | 12.2
Evocations     | 2 3 7 |  7.0
Shields        | 7 8 |  8.9
Stealth        | |  1.0
Spellcasting   | |  1.2
Necromancy     | |  3.2

Action                   |  1- 3 |  4- 6 |  7- 9 | 10-12 | 13-15 | 16-18 || total
-------------------------+-------+-------+-------+-------+-------+-------++-------
Melee: Unarmed           |    64 |    77 |   222 |   553 |   986 |   323 ||  2225
       Punch             |       |     1 |     8 |    41 |    39 |       ||    89
Throw: Boomerang         |    25 |    39 |    45 |   200 |   270 |     1 ||   580
       Dart              |       |    24 |    81 |    15 |     9 |       ||   129
       Javelin           |       |       |       |     9 |    34 |       ||    43
       Throwing net      |       |       |       |     2 |       |     3 ||     5
       Large rock        |       |       |       |       |     9 |    58 ||    67
 Cast: Pain              |    16 |       |       |       |       |       ||    16
Invok: Wall of Briars    |       |       |       |     1 |    14 |     3 ||    18
       Grow Ballistomyce |       |       |       |       |    25 |     3 ||    28
       Overgrow          |       |       |       |       |     6 |     3 ||     9
       Grow Oklob        |       |       |       |       |     2 |       ||     2
Evoke: Wand              |       |       |       |     3 |    17 |    10 ||    30
       Box of beasts     |       |       |       |     1 |     3 |     3 ||     7
       Phantom mirror    |       |       |       |       |     5 |     2 ||     7
       Phial of floods   |       |       |       |       |     3 |       ||     3
  Use: Scroll            |       |    11 |    15 |     8 |    13 |     2 ||    49
       Potion            |       |       |     5 |       |     5 |     8 ||    18
 Stab: Confused          |       |       |       |       |     4 |       ||     4
       Distracted        |       |       |       |       |     1 |       ||     1
Armor: Robe              |    18 |     2 |       |       |       |       ||    20
       Pearl dragon scal |       |    51 |   151 |   328 |   523 |   136 ||  1189
Dodge: Dodged            |    23 |    20 |    77 |   349 |   688 |   156 ||  1313
Block: Kite shield       |       |       |       |       |   439 |   307 ||   746
       Reflection        |       |       |       |       |    17 |    29 ||    46

Table legend: (Time is in decaauts)
 A = Elapsed time spent in this place.
 B = Non-inter-level travel time spent in this place.
 C = Inter-level travel time spent in this place.
 D = Time resting spent in this place.
 E = Time spent auto-exploring this place.
 F = Levels seen in this place.
 G = Mean time per level.
                   A        B        C        D        E       F      G
               +--------+--------+--------+--------+--------+-----+--------+
         Total |  32489 |  30097 |   2392 |   6782 |  16335 |  27 | 1203.3 |
       Dungeon |  16866 |  15214 |   1652 |   2384 |   9603 |  15 | 1124.4 |
        Temple |    137 |    121 |     16 |      0 |    105 |   1 |  137.0 |
          Lair |   9394 |   8870 |    524 |   2473 |   4230 |   6 | 1565.7 |
     Snake Pit |   4242 |   4137 |    105 |   1542 |   1536 |   3 | 1414.0 |
  Orcish Mines |   1848 |   1754 |     94 |    382 |    859 |   2 |  924.0 |
               +--------+--------+--------+--------+--------+-----+--------+

Top non-repeatable levels by time:
  Lair:6: 2251 daAuts
  Lair:4: 2145 daAuts
  Lair:2: 1733 daAuts
 Snake:1: 1628 daAuts
     D:4: 1623 daAuts
    D:11: 1489 daAuts
 Snake:3: 1435 daAuts
  Lair:3: 1372 daAuts
   Orc:2: 1364 daAuts
     D:9: 1356 daAuts
     D:8: 1208 daAuts
     D:1: 1202 daAuts
  Lair:1: 1178 daAuts
 Snake:2: 1177 daAuts
     D:3: 1112 daAuts
